 Dungeon Crawl Stone Soup version 0.30-a0-570-g486de37d69 (webtiles) character file.

Game seed: 8953070378649009767

80 vurker the Trooper (level 4, -1/38 HPs)
             Began as a Minotaur Enchanter on Dec 29, 2022.
             Slain by an orc wizard
             ... wielding a +0 dagger
              (2 damage)
             ... on level 3 of the Dungeon.
             The game lasted 00:02:08 (1816 turns).

vurker the Trooper (Minotaur Enchanter)             Turns: 1816, Time: 00:02:09

Health: -1/38      AC:  2    Str: 15    XL:     4   Next: 18%
Magic:  5/5        EV: 12    Int: 12    God:
Gold:   132        SH:  0    Dex: 10    Spells: 5/5 levels left

rFire   . . .      SeeInvis .    a - +1 dagger
rCold   . . .      Faith    .    (no shield)
rNeg    . . .      Spirit   .    b - +0 robe
rPois   .          Reflect  .    (helmet restricted)
rElec   .          Harm     .    (no cloak)
rCorr   .          Rampage  .    (no gloves)
Will    .....                    (no boots)
Stlth   ++                       (no amulet)
HPRegen 0.26/turn                (no ring)
MPRegen 0.09/turn                (no ring)

@: no status effects
A: horns 2, retaliatory headbutt
a: no special abilities


You were on level 3 of the Dungeon.
You visited 1 branch of the dungeon, and saw 3 of its levels.

You collected 132 gold pieces.

Inventory:

Hand Weapons
 a - a +1 dagger (weapon)
 j - a +3 mace
   (You found it on level 2 of the Dungeon)
Armour
 b - a +0 robe (worn)
Scrolls
 f - 2 scrolls of amnesia {unknown}
 g - a scroll of torment {unknown}
 h - a scroll of vulnerability {unknown}
 i - 2 scrolls of identify {unknown}
Potions
 c - 2 potions of invisibility
 d - a potion of magic {unknown}
 e - 2 potions of lignification {unknown}
 k - a potion of ambrosia {unknown}


   Skills:
 * Level 3.3 Fighting
 - Level 1.1 Short Blades
 + Level 2.0 Armour
 + Level 3.0 Dodging
 - Level 2.4 Stealth
 - Level 1.3 Spellcasting
 - Level 2.0 Hexes


You had 5 spell levels left.
You didn't know any spells.
Your spell library contained the following spells:

 Spells                   Type           Power      Damage    Failure   Level
 Ensorcelled Hibernation  Hex/Ice        6%         N/A       28%         2
 Confusing Touch          Hex            5%         N/A       36%         3
 Tukima's Dance           Hex            5%         N/A       36%         3
 Dazzling Flash           Conj/Hex       6%         N/A       50%         3
 Animate Dead             Necr           0%         N/A       96%         4
 Borgnjor's Vile Clutch   Necr/Erth      0%         N/A       100%        5
 Death Channel            Necr           0%         N/A       100%        6


Dungeon Overview and Level Annotations

Branches:
Dungeon (3/15)

Altars:


Innate Abilities, Weirdness & Mutations

You have a pair of horns on your head.
You reflexively headbutt those who attack you in melee.


Message History

You closely miss something. Something hits you.
A magic dart appears from out of thin air!
The magic dart hits you.
You feel less confused.
A rat comes into view.
Something hits you.
You closely miss something.
You hear some strange, mumbled words.
You are confused.
You bump into the rock wall.
Something completely misses you. Something hits you but does no damage.
You hit something. Your headbutt misses something. Something hits you.
Something hits you.
* * * LOW HITPOINT WARNING * * *
You miss the rat. Something hits you.
* * * LOW HITPOINT WARNING * * *
The rat bites you but does no damage.
You hit the rat but do no damage. You headbutt the rat.
You kill the rat!
Something hits you.
* * * LOW HITPOINT WARNING * * *
You miss something.
You feel less confused. Something hits you.
* * * LOW HITPOINT WARNING * * *
You hit something. Something hits you but does no damage.
You miss something. Your headbutt misses something. Something hits you.
* * * LOW HITPOINT WARNING * * *
You barely miss something. You hit something.
You hear some strange, mumbled words.
A puff of flame appears from out of thin air!
The puff of flame hits you.
* * * LOW HITPOINT WARNING * * *
You hit something but do no damage. Your headbutt misses something.
Something hits you.
* * * LOW HITPOINT WARNING * * *
You hit something.
You hear some strange, mumbled words.
A magic dart appears from out of thin air!
The magic dart hits you.
* * * LOW HITPOINT WARNING * * *
You hit something but do no damage. Something hits you.
You die...

...############
#.......#<....##
##............[######
#...................#
#..................!#
#...................#
#...................#.
#..){....†............
#...†@>......!..##.###
.....#.###########...#....
......).# ##....<..
......### #...#... ......
#....... ..... #..#.....
##### #....#... ##.###...
..# .(..


There were no monsters in sight!

Vanquished Creatures
  2 adders (D:2)
  A worm (D:3)
  A dart slug (D:2)
  3 orcs (D:3)
  5 ball pythons
  9 bats
  5 endoplasms
  6 goblins
  2 hobgoblins (D:1)
  4 quokkas
  3 frilled lizards
  4 kobolds
  9 rats
54 creatures vanquished.

Notes
Turn   | Place    | Note
-------+----------+-------------------------------------------
     0 | D:1      | vurker the Minotaur Enchanter began the quest for the Orb.
     0 | D:1      | Reached XP level 1. HP: 14/14 MP: 1/1
    76 | D:1      | Reached skill level 1 in Fighting
   117 | D:1      | Reached XP level 2. HP: 20/23 MP: 3/3
   229 | D:1      | Reached skill level 1 in Armour
   883 | D:2      | Reached XP level 3. HP: 29/29 MP: 4/4
  1685 | D:2      | Reached XP level 4. HP: 33/38 MP: 5/5
  1815 | D:3      | HP: 1/38 [something/magic dart (5)]
  1816 | D:3      | Slain by an orc wizard

Illustrated notes

Levels and vault maps discovered:
D:1:      saegor_arrival_simple_e, layout_loops_ring
D:2:      layout_basic, nicolae_kite_square_tiling_tiny
D:3:      layout_rooms, minmay_misc_feat_chi, uniq_crazy_yiuf_cottage

Skill      XL: |  1  2  3  4 |
---------------+-------------+-----
Fighting       | 1 2 3 |  3.3
Armour         | 1 2 |  2.0
Dodging        | 3 |  3.0
Short Blades   | |  1.1
Stealth        | |  2.4
Spellcasting   | |  1.3
Hexes          | |  2.0

Action                   |  1- 3 |  4- 6 || total
-------------------------+-------+-------++-------
Melee: Dagger            |    95 |    37 ||   132
       Headbutt          |     9 |     6 ||    15
 Stab: Sleeping          |     7 |       ||     7
Armor: Robe              |    22 |     4 ||    26
Dodge: Dodged            |    60 |     6 ||    66

Table legend: (Time is in decaauts)
 A = Elapsed time spent in this place.
 B = Non-inter-level travel time spent in this place.
 C = Inter-level travel time spent in this place.
 D = Time resting spent in this place.
 E = Time spent auto-exploring this place.
 F = Levels seen in this place.
 G = Mean time per level.
                   A        B        C        D        E       F      G
               +--------+--------+--------+--------+--------+-----+--------+
         Total |   1808 |   1748 |     60 |      0 |   1366 |   3 |  602.7 |
       Dungeon |   1808 |   1748 |     60 |      0 |   1366 |   3 |  602.7 |
               +--------+--------+--------+--------+--------+-----+--------+

Top non-repeatable levels by time:
     D:2: 939 daAuts
     D:1: 782 daAuts
     D:3: 86 daAuts
